 Dungeon Crawl Stone Soup version 0.18-a0-1554-g49b38aa (webtiles) character file.

2186 Psiweapon the Protected (level 9, -1/68 HPs)
             Began as a Hill Orc Gladiator on Mar 12, 2016.
             Was a Follower of Makhleb.
             Slain by an orc warrior
             ... wielding a +0 war axe
              (7 damage)
             ... on level 8 of the Dungeon.
             The game lasted 00:23:51 (6770 turns).

Psiweapon the Protected (Hill Orc Gladiator)        Turns: 6770, Time: 00:23:51

Health: -1/68      AC: 14    Str: 23    XL:     9   Next: 33%
Magic:  9/9        EV: 12    Int: 10    God:    Makhleb [*.....]
Gold:   307        SH:  0    Dex: 12    Spells: 0 memorised, 8 levels left

rFire  + . .     SeeInvis .     a - +0 war axe
rCold  . . .     Gourm    .     H - +2 leather armour {rF+}
rNeg   . . .     Faith    .     (no shield)
rPois  .         Spirit   .     c - +0 helmet
rElec  .         Dismiss  .     J - +2 cloak
rCorr  .         Reflect  .     q - +0 pair of gloves
SustAt .         Harm     .     l - +0 pair of boots
MR     .....                    p - amulet of rage
Stlth  +.........               (no ring)
                                I - ring of flight

@: mighty, drained, not resistant to hostile enchantments, very unstealthy
A: no striking features
a: Renounce Religion, Evoke Berserk Rage, Evoke Flight


You were on level 8 of the Dungeon.
You worshipped Makhleb.
Makhleb was aware of your devotion.
You were not hungry.

You visited 1 branch of the dungeon, and saw 8 of its levels.

You collected 307 gold pieces.

Inventory:

Hand Weapons
 a - a +0 war axe (weapon)
 b - a +0 hunting sling
 o - a +2 quarterstaff of chaos
 t - a +0 hand axe of flaming
 K - a +0 morningstar
 N - a +0 hand crossbow
Missiles
 d - 3 throwing nets
 r - 55 bolts
 v - 10 tomahawks (quivered)
 w - 31 sling bullets
 O - 4 javelins
Armour
 c - a +0 helmet (worn)
 h - a +0 plate armour
 l - a +0 pair of boots (worn)
 q - a +0 pair of gloves (worn)
 D - a +0 leather armour
 H - a +2 leather armour of fire resistance (worn)
 J - a +2 cloak (worn)
 M - a +2 robe
 U - a +0 pair of gloves
Jewellery
 p - an amulet of rage (around neck)
 y - an uncursed ring of loudness
 C - an uncursed ring of fire
 I - a ring of flight (left hand)
Wands
 i - a wand of digging (10/24)
 P - a wand of iceblast (3/15)
Scrolls
 g - 2 scrolls of fear
 j - 7 scrolls of remove curse
 k - a scroll of enchant armour {unknown}
 n - a scroll of enchant weapon {unknown}
 x - a scroll of magic mapping {unknown}
 B - a scroll of fog {unknown}
 E - 2 scrolls of teleportation {unknown}
 F - 3 scrolls of amnesia {unknown}
 G - 2 scrolls of identify
 L - a scroll of immolation {unknown}
 V - a scroll of random uselessness {unknown}
Potions
 e - a potion of brilliance {unknown}
 s - 3 potions of curing
 u - a potion of degeneration {unknown}
 A - a potion of cancellation {unknown}
 Q - a potion of lignification
 T - a potion of agility {unknown}
 W - a potion of invisibility {unknown}
 X - a potion of mutation {unknown}
Books
 Y - Sif Muna's Disquisition on Transformation
   (You found it on level 6 of the Dungeon)

   Spells                             Type                      Level
   a - Beastly Appendage              Transmutation                1
Comestibles
 f - 7 bread rations
 m - 3 beef jerkies
 z - 2 meat rations
 S - a chunk of flesh


   Skills:
 - Level 2.4(1.8) Fighting
 - Level 10.0(9.4) Axes
 - Level 1.7(1.2) Throwing
 + Level 10.5(9.9) Armour
 - Level 2.4(1.8) Dodging


You had 8 spell levels left.
You didn't know any spells.

Dungeon Overview and Level Annotations

Branches:
Dungeon (8/15)             Temple (0/1) D:6
   Lair: D:8-11

Altars:
Cheibriados
Fedhas
Makhleb
Okawaru
Ru
Sif Muna
Zin

Shops:
D:2 *   D:5 :

Annotations:
D:3 exclusion: downstairs
D:4 exclusion: downstairs, trgk's ghost, amateur MiFi


Message History

You fail to use your ability.
The orc hits you but does no damage.
The orc warrior hits you with a war axe!!
* * * LOW HITPOINT WARNING * * *
You barely miss the orc warrior. You barely miss the orc.
You closely miss the worker ant. The worker ant barely misses you.
The orc hits you but does no damage.
You hit the orc warrior.
The orc warrior is lightly wounded.
You hit the orc.
The orc is moderately wounded.
You hit the worker ant.
The worker ant is moderately wounded.
The orc warrior closely misses you. The worker ant barely misses you.
The orc hits you but does no damage.
Drink which item? (? for menu, Esc to quit)
It was a potion of might.
You feel very mighty all of a sudden. The worker ant closely misses you.
The orc warrior hits you with a war axe!
You die...

############...
..............#
..............#
..............#
..............#
..............#
...........%..#
.......@<.....#
......ooa.....#
..............#
..............#
..............#
...>..<.......#
..............+
..............#


You could see an orc warrior, a worker ant and an orc.

Vanquished Creatures
  Pikel (D:4)
  Sigmund (D:5)
  An orc warrior (D:6)
  A phantom (D:6)
  2 ogres
  2 centaurs (D:6)
  Blork the orc (D:5)
  A giant frog (D:5)
  5 wights (D:6)
  A crimson imp (D:3)
  A giant frog zombie (D:5)
  A jelly (D:3)
  A hound (D:6)
  Crazy Yiuf (D:5)
  An orc priest (D:5)
  2 orc wizards (D:6)
  A centaur skeleton (D:5)
  An iguana (D:4)
  10 worker ants
  A gnoll (D:1)
  7 adders
  A shadow imp (D:6)
  An ooze (D:5)
  A worm (D:3)
  A dart slug (D:2)
  3 giant geckos
  15 orcs
  2 ball pythons (D:3)
  10 bats
  3 giant cockroaches
  6 goblins
  6 hobgoblins
  17 jackals
  3 kobolds
  5 quokkas
  A giant gecko skeleton (D:5)
  2 giant newts (D:3)
  A quokka zombie (D:5)
  10 rats
131 creatures vanquished.

Notes
Turn   | Place    | Note
--------------------------------------------------------------
     0 | D:1      | Psiweapon the Hill Orc Gladiator began the quest for the Orb.
     0 | D:1      | Reached XP level 1. HP: 18/18 MP: 1/1
   342 | D:1      | Reached XP level 2. HP: 13/25 MP: 2/2
   724 | D:1      | Reached skill level 5 in Axes
   796 | D:1      | Reached XP level 3. HP: 27/30 MP: 3/3
  1368 | D:4      | Noticed trgk's ghost (amateur MiFi)
  1869 | D:2      | Found Zin's Purification Station.
  1893 | D:2      | Found a glowing silver altar of Zin.
  1902 | D:2      | Reached XP level 4. HP: 33/37 MP: 4/4
  2273 | D:3      | Reached XP level 5. HP: 35/42 MP: 5/5
  2655 | D:4      | Found a sacrificial altar of Ru.
  2658 | D:4      | Found a blossoming altar of Fedhas.
  2796 | D:5      | Entered Level 5 of the Dungeon
  2834 | D:5      | Noticed Sigmund
  2870 | D:4      | Reached XP level 6. HP: 36/50 MP: 6/6
  3011 | D:5      | Found Gilub's Book Emporium.
  3124 | D:3      | Found a burning altar of Makhleb.
  3127 | D:3      | Became a worshipper of Makhleb the Destroyer
  3933 | D:5      | Reached skill level 10 in Axes
  3933 | D:5      | Reached XP level 7. HP: 45/56 MP: 7/7
  4062 | D:5      | Reached skill level 1 in Armour
  4064 | D:5      | Reached * piety under Makhleb
  4126 | D:5      | Killed Sigmund
  4189 | D:5      | Noticed Blork the orc
  4203 | D:5      | Killed Blork the orc
  4261 | D:5      | Reached skill level 5 in Armour
  4289 | D:5      | Reached XP level 8. HP: 55/62 MP: 8/8
  4428 | D:5      | Noticed Pikel
  4465 | D:4      | Killed Pikel
  4727 | D:5      | Noticed Crazy Yiuf
  4737 | D:5      | Killed Crazy Yiuf
  5059 | D:6      | Found a snail-covered altar of Cheibriados.
  5459 | D:6      | Found an iron altar of Okawaru.
  5554 | D:6      | Found a staircase to the Ecumenical Temple.
  5612 | D:6      | Reached XP level 9. HP: 68/68 MP: 9/9
  6113 | D:6      | Found a deep blue altar of Sif Muna.
  6132 | D:6      | Identified Sif Muna's Disquisition on Transformation
  6184 | D:6      | Reached skill level 10 in Armour
  6770 | D:8      | Slain by an orc warrior

Vault maps used:
D:1:      elethiomel_arrival_maze
D:2:      zin_purify
D:3:      marbit_many_paths, first_bread
D:4:      kennysheep_mini_moat, fedhas_altar_3, grunt_pakellas_mercury,
          serial_forest, infiniplex_forest_straight_1, infiniplex_forest_join,
          infiniplex_forest_diagonal, infiniplex_forest_clump_diagonal,
          infiniplex_forest_clump_small, infiniplex_forest_lined_ring,
          infiniplex_forest_straight_2, infiniplex_forest_straight_5
D:5:      serial_shops, shop, kennysheep_generic_room_12, uniq_blork_the_orc,
          uniq_crazy_yiuf_cottage, uniq_sigmund, uniq_pikel
D:6:      okawaru_gym_becter, led_sif_book, cheibriados_altar_1,
          minmay_temple_entry_large_hall
D:7:      kennysheep_mini, nicolae_dithmenos_the_darkroom,
          nicolae_overflow_hidden_temple, lemuel_round_altar
D:8:      nicolae_overflow_crystal_walls

Skill      XL: |  1  2  3  4  5  6  7  8  9 |
---------------+----------------------------+-----
Axes           | 5 6 7 8 10 | 10.0
Armour         | 5 9 10 | 10.5
Fighting       | |  2.4
Throwing       | |  1.7
Dodging        | |  2.4

Action                   |  1- 3 |  4- 6 |  7- 9 || total
-------------------------+-------+-------+-------++-------
Melee: War axe           |    49 |    52 |   170 ||   271
       Hand axe          |    36 |   140 |    61 ||   237
 Fire: Hunting sling     |       |     8 |    22 ||    30
Throw: Tomahawk          |       |     2 |    10 ||    12
       Javelin           |       |       |    10 ||    10
 Abil: Evoke Berserk Rag |       |       |     1 ||     1
       Evoke Flight      |       |       |     1 ||     1
Evoke: Wand              |       |       |     1 ||     1
  Use: Scroll            |       |     5 |       ||     5
       Potion            |       |       |     2 ||     2
  Eat: Chunk             |     2 |     8 |     3 ||    13
       Meat ration       |       |       |     1 ||     1
       Beef jerky        |       |       |     1 ||     1
